| TOP OF THE 1ST |
|
Greensboro Hornets batting - Pitching for Winston-Salem Spirits : LHP Mike Foster
|
|
Pitching: LHP Mike Foster
|
|
|
Batting: RHB Armando Moreno
|
0-0: Ball 1-0: Ball 2-0: Ball 3-0: Called Strike 3-1: Swinging Strike 3-2: Ground out 1-3 (Groundball, 15, EV 69.4 MPH)
|
|
Batting: SHB Mark Bailey
|
0-0: Fly out, F4 (Popup, 4, EV 72.5 MPH)
|
|
Batting: LHB Preston Cash
|
0-0: Foul Ball, location: 2F 0-1: Ball 1-1: Ball 2-1: Foul Ball, location: 2F 2-2: Foul Ball, location: 2F 2-2: Foul Ball, location: 2F 2-2: Fly out, F5 (Popup, 56S, EV 68.8 MPH)
|
| Top of the 1st over - 0 runs, 0 hits, 0 errors, 0 left on base; Greensboro 0 - Winston-Salem 0 |
| BOTTOM OF THE 1ST |
|
Winston-Salem Spirits batting - Pitching for Greensboro Hornets : RHP Allen Morlock
|
|
Pitching: RHP Allen Morlock
|
|
|
Batting: LHB Jerome Coleman
|
0-0: Ball 1-0: Called Strike 1-1: Ground out 4-3 (Groundball, 4, EV 81.3 MPH)
|
|
Batting: SHB Jim Thomas
|
0-0: Ball 1-0: Ball 2-0: Ball 3-0: Base on Balls
|
|
Batting: RHB Gregory Key
|
0-0: Ball 1-0: Foul Ball, location: 2F 1-1: Foul Ball, location: 2F 1-2: Strikes out swinging
|
|
Batting: SHB Danny Montero
|
0-0: SINGLE (Groundball, 4S, EV 90.6 MPH) (infield hit) Jim Thomas to second
|
|
Batting: RHB Brad Fischer
|
0-0: Called Strike 0-1: DOUBLE (Flyball, 8LXD, EV 101.3 MPH) Jim Thomas scores Danny Montero to third Runner from 3rd tries for Home, SAFE, throw by CF to trailing runner, SAFE at third!
|
|
Batting: RHB Buddy Bailey
|
0-0: Called Strike 0-1: Called Strike 0-2: Ball 1-2: Strikes out swinging
|
| Bottom of the 1st over - 2 runs, 2 hits, 0 errors, 1 left on base; Greensboro 0 - Winston-Salem 2 |
| TOP OF THE 2ND |
|
Greensboro Hornets batting - Pitching for Winston-Salem Spirits : LHP Mike Foster
|
|
Batting: RHB Greg Jelks
|
0-0: Foul Ball, location: 2F 0-1: Ball 1-1: Foul Ball, location: 2F 1-2: Foul Ball, location: 2F 1-2: Strikes out looking
|
|
Batting: LHB Fernando Vazquez
|
0-0: Called Strike 0-1: Fly out, F9 (Flyball, 9D, EV 86.9 MPH)
|
|
Batting: RHB Bernardo Brito
|
0-0: Called Strike 0-1: Foul Ball, location: 2F 0-2: Fly out, F5 (Popup, 25F, EV 86.9 MPH)
|
| Top of the 2nd over - 0 runs, 0 hits, 0 errors, 0 left on base; Greensboro 0 - Winston-Salem 2 |
| BOTTOM OF THE 2ND |
|
Winston-Salem Spirits batting - Pitching for Greensboro Hornets : RHP Allen Morlock
|
|
Batting: RHB Larry Reasonover
|
0-0: Called Strike 0-1: Fly out, F9 (Flyball, 9D, EV 100.6 MPH)
|
|
Batting: RHB Ell Roberson
|
0-0: Called Strike 0-1: Ball 1-1: Ball 2-1: Foul Ball, location: 2F 2-2: Foul Ball, location: 2F 2-2: Ball 3-2: Foul Ball, location: 2F 3-2: SINGLE (Line Drive, 6MD, EV 100.0 MPH)
|
|
Batting: RHB Kelly Miller
|
0-0: Foul Ball, location: 2F 0-1: Ball 1-1: Ball 2-1: Fly out, F2 (Popup, 23F, EV 92.5 MPH)
|
|
Batting: LHB Jerome Coleman
|
0-0: Called Strike 0-1: Called Strike 0-2: Strikes out swinging
|
| Bottom of the 2nd over - 0 runs, 1 hit, 0 errors, 1 left on base; Greensboro 0 - Winston-Salem 2 |
| TOP OF THE 3RD |
|
Greensboro Hornets batting - Pitching for Winston-Salem Spirits : LHP Mike Foster
|
|
Batting: LHB Ozzie Guillen
|
0-0: Fly out, F7 (Flyball, 7, EV 88.1 MPH)
|
|
Batting: LHB Francisco Melendez
|
0-0: Foul Ball, location: 2F 0-1: Foul Ball, location: 2F 0-2: Fly out, F8 (Line Drive, 8RD, EV 86.9 MPH)
|
|
Batting: LHB John Hughes
|
0-0: Ball 1-0: Ball 2-0: Fly out, F7 (Flyball, 7, EV 96.3 MPH)
|
| Top of the 3rd over - 0 runs, 0 hits, 0 errors, 0 left on base; Greensboro 0 - Winston-Salem 2 |
| BOTTOM OF THE 3RD |
|
Winston-Salem Spirits batting - Pitching for Greensboro Hornets : RHP Allen Morlock
|
|
Batting: SHB Jim Thomas
|
0-0: Foul Ball, location: 2F 0-1: Ball 1-1: Ball 2-1: Called Strike 2-2: Strikes out swinging
|
|
Batting: RHB Gregory Key
|
0-0: Foul Ball, location: 2F 0-1: Ball 1-1: Swinging Strike 1-2: Foul Ball, location: 2F 1-2: Fly out, F8 (Flyball, 8LM, EV 92.5 MPH)
|
|
Batting: SHB Danny Montero
|
0-0: Ball 1-0: Swinging Strike 1-1: Called Strike 1-2: Ball 2-2: Foul Ball, location: 2F 2-2: Fly out, F7 (Flyball, 7, EV 85.0 MPH)
|
| Bottom of the 3rd over - 0 runs, 0 hits, 0 errors, 0 left on base; Greensboro 0 - Winston-Salem 2 |
| TOP OF THE 4TH |
|
Greensboro Hornets batting - Pitching for Winston-Salem Spirits : LHP Mike Foster
|
|
Batting: RHB Armando Moreno
|
0-0: SINGLE (Flyball, 9LS, EV 94.4 MPH)
|
|
Batting: SHB Mark Bailey
|
0-0: Called Strike 0-1: Called Strike 0-2: Ball Passed Ball! Armando Moreno to second 1-2: Foul Ball, location: 2F 1-2: Ground out U3 (Groundball, 34, EV 79.4 MPH) Armando Moreno to third
|
|
Batting: LHB Preston Cash
|
0-0: Ball 1-0: Fly out, F8 (Flyball, 78D, EV 93.8 MPH) Runner from 3rd tags up, SCORES, throw by CF
|
|
Batting: RHB Greg Jelks
|
0-0: Foul Ball, location: 2F 0-1: Fly out, F8 (Flyball, 8RD, EV 93.8 MPH)
|
| Top of the 4th over - 1 run, 1 hit, 0 errors, 0 left on base; Greensboro 1 - Winston-Salem 2 |
| BOTTOM OF THE 4TH |
|
Winston-Salem Spirits batting - Pitching for Greensboro Hornets : RHP Allen Morlock
|
|
Batting: RHB Brad Fischer
|
0-0: Fly out, F7 (Flyball, 7S, EV 85.6 MPH)
|
|
Batting: RHB Buddy Bailey
|
0-0: Ground out 6-3 (Groundball, 6, EV 102.5 MPH)
|
|
Batting: RHB Larry Reasonover
|
0-0: Called Strike 0-1: Called Strike 0-2: Ball 1-2: Ball 2-2: Ball 3-2: Foul Ball, location: 2F 3-2: Strikes out swinging
|
| Bottom of the 4th over - 0 runs, 0 hits, 0 errors, 0 left on base; Greensboro 1 - Winston-Salem 2 |
| TOP OF THE 5TH |
|
Greensboro Hornets batting - Pitching for Winston-Salem Spirits : LHP Mike Foster
|
|
Batting: LHB Fernando Vazquez
|
0-0: Foul Ball, location: 2F 0-1: Swinging Strike 0-2: Ball 1-2: Ball 2-2: Ball 3-2: Fly out, F7 (Line Drive, 7, EV 88.8 MPH)
|
|
Batting: RHB Bernardo Brito
|
0-0: DOUBLE (Flyball, 78D, EV 99.4 MPH)
|
|
Batting: LHB Ozzie Guillen
|
0-0: Ball 1-0: Called Strike 1-1: Swinging Strike 1-2: Ball 2-2: Strikes out looking
|
|
Batting: LHB Francisco Melendez
|
0-0: Ball 1-0: Called Strike 1-1: Ball 2-1: Ball 3-1: Foul Ball, location: 2F 3-2: Strikes out swinging
|
| Top of the 5th over - 0 runs, 1 hit, 0 errors, 1 left on base; Greensboro 1 - Winston-Salem 2 |
| BOTTOM OF THE 5TH |
|
Winston-Salem Spirits batting - Pitching for Greensboro Hornets : RHP Allen Morlock
|
|
Batting: RHB Ell Roberson
|
0-0: Ball 1-0: Foul Ball, location: 2F 1-1: Foul Ball, location: 2F 1-2: Strikes out looking
|
|
Batting: RHB Kelly Miller
|
0-0: Called Strike 0-1: Ball 1-1: Ball 2-1: Ground out 5-3 (Groundball, 56S, EV 86.3 MPH)
|
|
Batting: LHB Jerome Coleman
|
0-0: Ball 1-0: Ball 2-0: Fly out, F9 (Line Drive, 9, EV 91.9 MPH)
|
| Bottom of the 5th over - 0 runs, 0 hits, 0 errors, 0 left on base; Greensboro 1 - Winston-Salem 2 |
| TOP OF THE 6TH |
|
Greensboro Hornets batting - Pitching for Winston-Salem Spirits : LHP Mike Foster
|
|
Batting: LHB John Hughes
|
0-0: Ball 1-0: Ball 2-0: Foul Ball, location: 2F 2-1: Foul Ball, location: 2F 2-2: Strikes out looking
|
|
Batting: RHB Armando Moreno
|
0-0: Called Strike 0-1: Ball 1-1: SINGLE (Line Drive, 7S, EV 98.8 MPH)
|
|
Batting: SHB Mark Bailey
|
0-0: Fly out, F9 (Line Drive, 9, EV 88.8 MPH)
|
|
Batting: LHB Preston Cash
|
0-0: Foul Ball, location: 2F 0-1: Called Strike 0-2: Ball 1-2: Ball 2-2: Foul Ball, location: 2F 2-2: Foul Ball, location: 2F 2-2: Ball 3-2: 2-RUN HOME RUN (Flyball, 7D, EV 91.3 MPH), Distance : 361 ft
|
|
Batting: RHB Greg Jelks
|
0-0: Swinging Strike 0-1: Ball 1-1: Ball 2-1: Called Strike 2-2: Fly out, F9 (Flyball, 9S, EV 92.5 MPH)
|
| Top of the 6th over - 2 runs, 2 hits, 0 errors, 0 left on base; Greensboro 3 - Winston-Salem 2 |
| BOTTOM OF THE 6TH |
|
Winston-Salem Spirits batting - Pitching for Greensboro Hornets : RHP Allen Morlock
|
|
Batting: SHB Jim Thomas
|
0-0: Ball 1-0: Fly out, F8 (Line Drive, 8LD, EV 93.1 MPH)
|
|
Batting: RHB Gregory Key
|
0-0: Ball 1-0: Ball 2-0: SINGLE (Flyball, 8LS, EV 80.0 MPH)
|
|
Batting: SHB Danny Montero
|
0-0: Ball 1-0: Called Strike 1-1: Foul Ball, location: 2F 1-2: Ball 2-2: Ball 3-2: Foul Ball, location: 2F 3-2: Foul Ball, location: 2F 3-2: SINGLE (Flyball, 8LS, EV 89.4 MPH) Gregory Key to second
|
|
Batting: RHB Brad Fischer
|
0-0: SINGLE (Line Drive, 78S, EV 106.3 MPH) Gregory Key to third Danny Montero to second
|
|
Batting: RHB Buddy Bailey
|
0-0: Called Strike 0-1: Ball 1-1: Ball 2-1: DOUBLE (Line Drive, 78XD, EV 105.6 MPH) Gregory Key scores Danny Montero scores Brad Fischer to third Runner from 3rd tries for Home, SAFE, no throw by LF
|
|
Batting: RHB Larry Reasonover
|
0-0: Foul Ball, location: 2F 0-1: Ball 1-1: Foul Ball, location: 2F 1-2: Foul Ball, location: 2F 1-2: Ground out 4-3 (Groundball, 4, EV 87.5 MPH) Buddy Bailey to third
|
|
Batting: RHB Ell Roberson
|
0-0: Ball 1-0: Ball 2-0: Swinging Strike 2-1: Ball 3-1: Called Strike 3-2: Strikes out swinging
|
| Bottom of the 6th over - 3 runs, 4 hits, 0 errors, 1 left on base; Greensboro 3 - Winston-Salem 5 |
| TOP OF THE 7TH |
|
Greensboro Hornets batting - Pitching for Winston-Salem Spirits : LHP Mike Foster
|
|
Batting: LHB Fernando Vazquez
|
0-0: Ball 1-0: Swinging Strike 1-1: Fly out, F8 (Line Drive, 8LD, EV 94.4 MPH)
|
|
Batting: RHB Bernardo Brito
|
0-0: Swinging Strike 0-1: Ball 1-1: Foul Ball, location: 2F 1-2: Ball 2-2: Ball 3-2: DOUBLE (Flyball, 7LD, EV 103.1 MPH)
|
|
Batting: LHB Ozzie Guillen
|
0-0: Foul Ball, location: 2F 0-1: Foul Ball, location: 2F 0-2: Foul Ball, location: 2F 0-2: Ball 1-2: Ground out 6-3 (Groundball, 6, EV 86.9 MPH)
|
|
Batting: LHB Francisco Melendez
|
0-0: Ball 1-0: Called Strike 1-1: Ground out 6-3 (Groundball, 6, EV 85.0 MPH)
|
| Top of the 7th over - 0 runs, 1 hit, 0 errors, 1 left on base; Greensboro 3 - Winston-Salem 5 |
| BOTTOM OF THE 7TH |
|
Winston-Salem Spirits batting - Pitching for Greensboro Hornets : RHP Allen Morlock
|
|
Batting: RHB Kelly Miller
|
0-0: Ground out 6-3 (Groundball, 6, EV 98.1 MPH)
|
|
Batting: LHB Jerome Coleman
|
0-0: Called Strike 0-1: Ball 1-1: Called Strike 1-2: Ball 2-2: Foul Ball, location: 2F 2-2: Foul Ball, location: 2F 2-2: Foul Ball, location: 2F 2-2: Ball 3-2: Ground out 6-3 (Groundball, 6M, EV 106.9 MPH)
|
|
Batting: SHB Jim Thomas
|
0-0: SINGLE (Groundball, 6, EV 103.8 MPH) (infield hit)
|
|
Pitching: LHP Alan Walker
|
|
|
Batting: RHB Gregory Key
|
0-0: Ball 1-0: Ground out 5-3 (Groundball, 56, EV 102.5 MPH)
|
| Bottom of the 7th over - 0 runs, 1 hit, 0 errors, 1 left on base; Greensboro 3 - Winston-Salem 5 |
| TOP OF THE 8TH |
|
Greensboro Hornets batting - Pitching for Winston-Salem Spirits : LHP Mike Foster
|
|
Now in RF: Angelo Ross
|
|
|
Batting: LHB John Hughes
|
0-0: Called Strike 0-1: Called Strike 0-2: Ball 1-2: Ball 2-2: Ball 3-2: SINGLE (Flyball, 7LM, EV 95.0 MPH)
|
|
Batting: RHB Armando Moreno
|
0-0: Called Strike 0-1: Ball 1-1: Ball 2-1: Ball 3-1: Called Strike 3-2: Base on Balls John Hughes to second
|
|
Pinch Runner at 2nd Alexis Infante:
|
|
|
Batting: SHB Mark Bailey
|
0-0: Ball 1-0: Called Strike 1-1: Foul Ball, location: 2F 1-2: Ball 2-2: Ball 3-2: Foul Ball, location: 2F 3-2: SINGLE (Line Drive, 9S, EV 112.5 MPH) Alexis Infante to third Armando Moreno to second
|
|
Batting: LHB Preston Cash
|
0-0: Called Strike 0-1: Called Strike 0-2: Foul Ball, location: 2F 0-2: Ball 1-2: Ball 2-2: Ball 3-2: Base on Balls Alexis Infante scores Armando Moreno to third Mark Bailey to second
|
|
Batting: RHB Greg Jelks
|
0-0: Fly out, F7 (Line Drive, 7, EV 95.0 MPH) Runner from 3rd tags up, SCORES, no throw by LF
|
|
Pinch Runner at 2nd John Lohse:
|
|
|
Batting: LHB Fernando Vazquez
|
0-0: Called Strike 0-1: Ball John Lohse steals 3rd base 1-1: Ball 2-1: Ball 3-1: Foul Ball, location: 2F 3-2: Fly out, F6 (Flyball, 56D, EV 86.3 MPH)
|
|
Pitching: RHP David Trout
|
|
|
Batting: RHB Bernardo Brito
|
0-0: SINGLE (Flyball, 6MD, EV 88.1 MPH) John Lohse scores Preston Cash to second
|
|
Batting: LHB Ozzie Guillen
|
0-0: Foul Ball, location: 2F 0-1: Called Strike 0-2: Fielders Choice at 2nd, 6-4 (Groundball, 6, EV 88.1 MPH)
|
| Top of the 8th over - 3 runs, 3 hits, 0 errors, 2 left on base; Greensboro 6 - Winston-Salem 5 |
| BOTTOM OF THE 8TH |
|
Winston-Salem Spirits batting - Pitching for Greensboro Hornets : LHP Alan Walker
|
|
Now at C: Valentino Primante
|
|
|
Batting: SHB Danny Montero
|
0-0: Foul Ball, location: 2F 0-1: Called Strike 0-2: Ground out 4-3 (Groundball, 4, EV 105.0 MPH)
|
|
Batting: RHB Brad Fischer
|
0-0: Ball 1-0: Called Strike 1-1: Ball 2-1: DOUBLE (Line Drive, 9LS, EV 89.4 MPH)
|
|
Pitching: RHP Ray Krawczyk
|
|
|
Batting: RHB Buddy Bailey
|
0-0: Foul Ball, location: 2F 0-1: Ball 1-1: Called Strike 1-2: Fly out, F9 (Flyball, 89D, EV 108.1 MPH) Runner from 2nd tags up, SAFE at 3rd, no throw by RF
|
|
Batting: RHB Larry Reasonover
|
0-0: Ball 1-0: Ball 2-0: Called Strike 2-1: Swinging Strike 2-2: Strikes out swinging
|
| Bottom of the 8th over - 0 runs, 1 hit, 0 errors, 1 left on base; Greensboro 6 - Winston-Salem 5 |
| TOP OF THE 9TH |
|
Greensboro Hornets batting - Pitching for Winston-Salem Spirits : RHP David Trout
|
|
Pitching: RHP Ray Williams
|
|
|
Batting: LHB Francisco Melendez
|
0-0: Swinging Strike 0-1: Fly out, F8 (Flyball, 8RS, EV 88.1 MPH)
|
|
Batting: RHB Alexis Infante
|
0-0: Called Strike 0-1: Swinging Strike 0-2: Ball 1-2: Ground out 6-3 (Groundball, 6, EV 89.4 MPH)
|
|
Batting: RHB Armando Moreno
|
0-0: Ball 1-0: Foul Ball, location: 2F 1-1: Ball 2-1: Swinging Strike 2-2: Ball 3-2: Base on Balls
|
|
Batting: SHB Valentino Primante
|
0-0: Ball 1-0: Ball 2-0: Fielders Choice at 2nd, 6-4 (Groundball, 6, EV 87.5 MPH)
|
| Top of the 9th over - 0 runs, 0 hits, 0 errors, 1 left on base; Greensboro 6 - Winston-Salem 5 |
| BOTTOM OF THE 9TH |
|
Winston-Salem Spirits batting - Pitching for Greensboro Hornets : RHP Ray Krawczyk
|
|
Pitching: RHP Orlando Ochoa
|
|
|
Now at 1B: Mark Cauley
|
|
|
Now at 3B: Craig Hendrickson
|
|
|
Batting: RHB Ell Roberson
|
0-0: Ball 1-0: Foul Ball, location: 2F 1-1: Foul Ball, location: 2F 1-2: Strikes out swinging
|
|
Pinch Hitting: RHB Michael Lenti
|
0-0: Ball 1-0: Swinging Strike 1-1: SINGLE (Groundball, 56D, EV 105.0 MPH)
|
|
Batting: RHB Angelo Ross
|
0-0: Ball 1-0: Foul Ball, location: 2F 1-1: Called Strike 1-2: Strikes out swinging
|
|
Batting: SHB Jim Thomas
|
0-0: Ball 1-0: Called Strike 1-1: Foul Ball, location: 2F 1-2: Strikes out swinging passed ball, reaches first! Michael Lenti to second
|
|
Batting: RHB Gregory Key
|
0-0: Swinging Strike 0-1: Foul Ball, location: 2F 0-2: Fielders Choice at 2nd, 6-4 (Groundball, 6, EV 76.9 MPH)
|
| Bottom of the 9th over - 0 runs, 1 hit, 0 errors, 2 left on base; Greensboro 6 - Winston-Salem 5 |
|